AoeStats
← El Gran Guarén

Arabia

510223945Analyzed
1v1 RM · 2d ago on Sep 30, 2026· 59m 32s· 2 players
Game mode
Random Map
Map size
Tiny (2 player)
Population
200
Speed
Normal
Resources
Standard
Victory
Conquest
Starting age
Dark Age
Ending age
Imperial Age
RankedLock teamsTeams togetherTeam positionsShared explorationLock speedFull tech treeHidden civsTurbo modeCheats
Victory
Defeat
🇺🇸 Magyars · United States
579
+17
🇨🇱 Persians · Chile
606
-17
branko1966
9:18 Loom
11:16 Feudal Age
9:33 Loom
12:54 Horse Collar
13:13 Double-Bit Axe
23:51 Bloodlines
23:52 Scale Barding Armor
23:40 Fletching
23:51 Padded Archer Armor
24:04 Man-at-Arms
29:36 Castle Age
35:54 Long Swordsman
37:15 Husbandry
36:36 Light Cavalry
37:38 Leather Archer Armor
37:20 Bodkin Arrow
37:46 Chain Barding Armor
37:32 Corvinian Army
42:35 Elite Skirmisher
42:38 Crossbowman
43:25 Thumb Ring
44:04 Bow Saw
49:06 Imperial Age
50:41 Hoardings
51:38 Elite Magyar Huszar
54:01 Arbalester
59:27 Heavy Plow
El Gran Guarén
13:46 Feudal Age
15:02 Man-at-Arms
16:09 Arson
16:42 Loom
19:19 Double-Bit Axe
20:21 Horse Collar
20:49 Stone Mining
27:58 Gold Mining
30:56 Castle Age
29:48 Forging
29:39 Scale Mail Armor
29:32 Fletching
32:08 Iron Casting
31:49 Chain Mail Armor
31:40 Long Swordsman
31:41 Pikeman
32:21 Squires
32:07 Gambesons
33:34 Bow Saw
33:03 Light Cavalry
33:54 Bloodlines
34:46 Husbandry
42:45 Kamandaran
43:49 Bodkin Arrow
46:21 Scale Barding Armor
48:19 Crossbowman
49:05 Thumb Ring
49:44 Fervor
50:36 Gold Shaft Mining
50:36 Stone Shaft Mining
52:48 Imperial Age
53:16 Heavy Camel Rider
57:46 Chemistry
Connection lost

Rejoining the realm…

Still unreachable

The connection could not be restored.

Session expired

The server has moved on; the page needs a fresh start.